AoeStats
← LordSandwich

Fortress

509431541Analyzed
3v3 RM · 7d ago on Sep 26, 2026· 101m 1s· 6 players
Game mode
Random Map
Map size
Large (8 player)
Population
200
Speed
Normal
Resources
Standard
Victory
Conquest
Starting age
Dark Age
Ending age
Imperial Age
RankedLock teamsTeams togetherTeam positionsShared explorationLock speedFull tech treeHidden civsTurbo modeCheats
Victory
Defeat
🇬🇧 Malay · United Kingdom
1298
+13
🇬🇧 Danes · United Kingdom
1294
+13
🇬🇧 Bohemians · United Kingdom
1276
+13
🇵🇱 Romans · Poland
1250
-14
🇵🇱 Poles · Poland
1222
-13
🇬🇧 Saxons · United Kingdom
1198
-12
Duchu
8:03 Feudal Age
12:01 Castle Age
9:55 Double-Bit Axe
11:06 Horse Collar
14:11 Bow Saw
17:05 Gold Mining
24:52 Wheelbarrow
24:03 Town Watch
26:18 Stone Mining
28:49 Heavy Plow
31:36 Imperial Age
29:45 Gold Shaft Mining
29:34 Ballistics
30:14 Hand Cart
30:12 Scale Mail Armor
30:16 Pikeman
30:57 Squires
31:29 Chain Mail Armor
32:23 Heavy Scorpion
32:26 Halberdier
33:58 Forging
34:26 Ballistas
35:16 Iron Casting
36:27 Chemistry
36:58 Comitatenses
37:32 Comitatenses
38:15 Comitatenses
40:04 Scale Barding Armor
40:59 Blast Furnace
53:44 Chain Barding Armor
54:23 Capped Ram
55:45 Plate Barding Armor
56:12 Siege Ram
56:31 Elite Centurion
57:31 Light Cavalry
58:21 Bloodlines
Dharos
7:54 Feudal Age
9:14 Double-Bit Axe
12:01 Castle Age
11:25 Wheelbarrow
12:55 Bow Saw
14:21 Hand Cart
13:56 Loom
17:26 Horse Collar
22:35 Heavy Plow
24:09 Gold Mining
24:11 Stone Mining
25:21 Squires
25:06 Arson
25:39 Forging
25:30 Scale Mail Armor
25:35 Gambesons
27:13 Gold Shaft Mining
27:31 Iron Casting
27:53 Pikeman
29:55 Coinage
32:01 Imperial Age
30:08 Man-at-Arms
31:10 Chain Mail Armor
31:46 Town Watch
32:10 Elite Varangian Guard
32:10 Long Swordsman
32:11 Halberdier
32:14 Shield Wall
33:15 Conscription
32:56 Two-Handed Swordsman
34:41 Plate Mail Armor
33:36 Elite Hearth Troop
34:01 Champion
36:07 Hoardings
35:16 Capped Ram
36:37 Fletching
37:05 Fortified Wall
37:18 Ballistics
37:59 Chemistry
38:48 Caravan
39:20 Coinage
39:12 Siege Ram
42:56 Banking
42:38 Guilds
45:26 Two-Man Saw
52:41 Siege Engineers
52:34 Murder Holes
52:19 Treadmill Crane
52:49 Masonry
53:14 Crop Rotation
52:42 Bodkin Arrow
52:47 Padded Archer Armor
56:27 Architecture
59:46 Elite Skirmisher
61:46 Thumb Ring
61:46 Bracer
62:01 Leather Archer Armor
61:52 Scale Barding Armor
61:44 Arrowslits
wiesiek
8:02 Feudal Age
11:31 Castle Age
9:21 Double-Bit Axe
9:37 Horse Collar
11:09 Gold Mining
13:05 Loom
15:39 Wheelbarrow
18:24 Town Watch
19:50 Scale Mail Armor
20:27 Town Patrol
21:55 Hand Cart
22:26 Forging
23:17 Fortified Wall
24:02 Stone Mining
24:15 Heavy Plow
24:31 Bow Saw
25:51 Stone Shaft Mining
28:29 Imperial Age
26:30 Chain Mail Armor
27:22 Iron Casting
27:43 Squires
27:29 Arson
28:31 Elite Obuch
29:18 Husbandry
30:16 Conscription
29:33 Light Cavalry
30:23 Bloodlines
31:23 Crop Rotation
31:38 Lechitic Legacy
31:23 Szlachta Privileges
30:59 Winged Hussar
33:37 Hoardings
34:18 Plate Mail Armor
34:48 Blast Furnace
34:45 Scale Barding Armor
36:15 Caravan
36:46 Coinage
39:06 Banking
38:22 Cavalier
40:09 Chain Barding Armor
Song Jin-Woo
7:19 Feudal Age
11:07 Castle Age
8:53 Horse Collar
10:00 Double-Bit Axe
14:27 Bow Saw
14:43 Heavy Plow
16:29 Loom
17:04 Town Watch
21:07 Scale Mail Armor
22:18 Wheelbarrow
22:47 Town Patrol
24:20 Chain Mail Armor
24:49 Hand Cart
25:08 Forging
28:53 Imperial Age
27:47 Iron Casting
29:02 Elite Jomsviking
30:20 Conscription
29:57 Gold Mining
31:48 Gold Shaft Mining
32:19 Blast Furnace
30:47 Onager
33:10 Plate Mail Armor
33:07 Murder Holes
32:45 Hamask
34:50 Northmen's Fury
36:09 Siege Onager
40:27 Siege Engineers
44:04 Fletching
45:54 Caravan
45:30 Heavy Mounted Crossbowman
45:30 Cranequins
46:07 Bodkin Arrow
50:33 Stone Mining
51:19 Thumb Ring
50:36 Elite Skirmisher
51:20 Bracer
52:02 Padded Archer Armor
59:45 Chemistry
61:26 Ballistics
66:25 Redemption
66:42 Siege Engineers
70:03 Squires
69:53 Gambesons
71:07 Leather Archer Armor
75:02 Arrowslits
76:21 Ring Archer Armor
94:38 Scale Barding Armor
SmnRndm
9:07 Feudal Age
10:57 Wheelbarrow
13:09 Castle Age
11:40 Double-Bit Axe
12:35 Horse Collar
15:40 Bow Saw
17:46 Heavy Plow
23:03 Hand Cart
27:47 Imperial Age
26:36 Chemistry
26:20 Wagenburg Tactics
27:17 Caravan
27:47 Coinage
27:20 Caravan
27:37 Arson
27:52 Squires
27:13 Pikeman
27:53 Scale Mail Armor
28:04 Forging
28:32 Houfnice
29:34 Chain Mail Armor
29:42 Halberdier
31:36 Banking
32:04 Plate Mail Armor
32:15 Iron Casting
31:48 Siege Engineers
33:32 Two-Man Saw
35:18 Conscription
46:06 Blast Furnace
45:33 Ballistics
44:35 Crossbowman
47:52 Padded Archer Armor
47:43 Fletching
LordSandwich
6:02 Feudal Age
5:38 Double-Bit Axe
6:27 Horse Collar
13:30 Castle Age
12:02 Gold Mining
13:43 Bow Saw
14:47 Forging
18:50 Iron Casting
20:48 Squires
23:44 Loom
24:00 Heavy Plow
26:01 Wheelbarrow
25:35 Town Watch
29:24 Imperial Age
28:17 Hand Cart
28:04 Husbandry
28:12 Scale Barding Armor
28:38 Elite Battle Elephant
30:03 Conscription
31:59 Town Patrol
33:04 Blast Furnace
35:13 Chemistry
34:37 Arson
36:53 Forced Levy
39:47 Caravan
40:02 Siege Engineers
45:13 Man-at-Arms
46:20 Fletching
47:50 Crop Rotation
46:51 Long Swordsman
48:04 Two-Handed Swordsman
50:42 Bodkin Arrow
50:25 Pikeman
57:29 Halberdier
61:18 Murder Holes
63:42 Bombard Tower
63:47 Ballistics
63:28 Bracer
63:29 Padded Archer Armor
70:32 Masonry
71:29 Coinage
71:10 Guilds
77:19 Leather Archer Armor
83:40 Ring Archer Armor
87:52 Treadmill Crane
90:19 Capped Ram
Connection lost

Rejoining the realm…

Still unreachable

The connection could not be restored.

Session expired

The server has moved on; the page needs a fresh start.